APP
BURLINGTON ROYALS @ OREM OWLZ
05/24/2046
 
TOP OF THE 1ST
Burlington Royals batting - Pitching for Orem Owlz : LHP Jon Lawson
Pitching: LHP Jon Lawson
Batting: RHB Dave Saldana 0-0: Reached on error, E6 (Groundball, 56, EV 95.6 MPH)
Batting: RHB Nick Julien 0-0: Called Strike
0-1: Ball
1-1: Ball
2-1: Ball
3-1: Base on Balls
Dave Saldana to second
Batting: LHB Pablo Serrato 0-0: SINGLE (Groundball, 34D, EV 103.8 MPH)
Dave Saldana to third
Nick Julien to second
Batting: LHB Bobby Gonzalez 0-0: Ball
1-0: Called Strike
1-1: SINGLE (Groundball, 34D, EV 104.4 MPH)
Dave Saldana scores
Nick Julien to third
Pablo Serrato to second
Batting: SHB Danny Ballenger 0-0: Fly out, F9 (Flyball, 9LD, EV 86.9 MPH)
Runner from 3rd tags up, SCORES, no throw by RF
Batting: SHB Bill Ertl 0-0: Reached on error, E5 (Groundball, 25, EV 80.0 MPH)
Pablo Serrato to third
Bobby Gonzalez to second
Batting: RHB Carlos Almada 0-0: Called Strike
0-1: Reached on error, E4 (Groundball, 4, EV 82.5 MPH)
Pablo Serrato scores
Bobby Gonzalez to third
Bill Ertl to second
Batting: RHB Bobby Matyas 0-0: Called Strike
0-1: Foul Ball, location: 2F
0-2: SINGLE (Groundball, 56S, EV 65.6 MPH) (infield hit)
Bobby Gonzalez scores
Bill Ertl to third
Carlos Almada to second
Batting: RHB Carlos Santoni 0-0: SINGLE (Groundball, 56S, EV 64.4 MPH) (infield hit)
Bill Ertl scores
Carlos Almada to third
Bobby Matyas to second
Pitching: RHP Ju-wei Long
Batting: RHB Dave Saldana 0-0: Ball
1-0: Called Strike
1-1: Fielders Choice at 2nd, 4-6 (Groundball, 4M, EV 90.0 MPH)
Carlos Almada scores
Bobby Matyas to third
Batting: RHB Nick Julien 0-0: Ball
1-0: Foul Ball, location: 2F
1-1: Swinging Strike
1-2: Hit by Pitch
Dave Saldana to second
Batting: LHB Pablo Serrato 0-0: Ball
1-0: Called Strike
1-1: Ball
2-1: Swinging Strike
2-2: Foul Ball, location: 2F
2-2: Ground out U3 (Groundball, 34D, EV 78.1 MPH)
Top of the 1st over - 6 runs, 4 hits, 3 errors, 3 left on base; Burlington 6 - Orem 0
BOTTOM OF THE 1ST
Orem Owlz batting - Pitching for Burlington Royals : RHP Nam Phong
Pitching: RHP Nam Phong
Batting: RHB Nick Lombardo 0-0: Called Strike
0-1: Ball
1-1: Foul Ball, location: 2F
1-2: Strikes out swinging
Batting: LHB Dave Hicks 0-0: Called Strike
0-1: Foul Ball, location: 2F
0-2: Ball
1-2: Strikes out swinging
Batting: RHB Josh Faulconer 0-0: Foul Ball, location: 2F
0-1: Called Strike
0-2: Ball
1-2: Foul Ball, location: 2F
1-2: Strikes out looking
Bottom of the 1st over - 0 runs, 0 hits, 0 errors, 0 left on base; Burlington 6 - Orem 0
TOP OF THE 2ND
Burlington Royals batting - Pitching for Orem Owlz : RHP Ju-wei Long
Batting: LHB Bobby Gonzalez 0-0: Fly out, F8 (Flyball, 78M, EV 89.4 MPH)
Batting: SHB Danny Ballenger 0-0: Ball
1-0: Ground out 6-3 (Groundball, 6, EV 85.0 MPH)
Batting: SHB Bill Ertl 0-0: Swinging Strike
0-1: Ball
1-1: Ball
2-1: Ball
3-1: Called Strike
3-2: Fly out, F8 (Flyball, 8RXD, EV 93.1 MPH)
Top of the 2nd over - 0 runs, 0 hits, 0 errors, 0 left on base; Burlington 6 - Orem 0
BOTTOM OF THE 2ND
Orem Owlz batting - Pitching for Burlington Royals : RHP Nam Phong
Batting: LHB Jamie Diebel 0-0: Ball
1-0: Ball
2-0: Ball
3-0: Called Strike
3-1: Fly out, F8 (Flyball, 8RD, EV 92.5 MPH)
Batting: RHB Ricky Mejicanos 0-0: Ball
1-0: Called Strike
1-1: SINGLE (Line Drive, 56D, EV 98.8 MPH)
Batting: RHB Kyle Gray 0-0: Ground out 5-3 (Groundball, 5S, EV 68.8 MPH)
Ricky Mejicanos to second
Batting: RHB Juan Montez 0-0: Swinging Strike
0-1: Ball
1-1: Called Strike
1-2: Foul Ball, location: 2F
1-2: Fly out, F6 (Popup, 6MS, EV 85.0 MPH)
Bottom of the 2nd over - 0 runs, 1 hit, 0 errors, 1 left on base; Burlington 6 - Orem 0
TOP OF THE 3RD
Burlington Royals batting - Pitching for Orem Owlz : RHP Ju-wei Long
Batting: RHB Carlos Almada 0-0: Foul Ball, location: 2F
0-1: SINGLE (Flyball, 34D, EV 90.6 MPH)
Batting: RHB Bobby Matyas 0-0: Called Strike
0-1: Called Strike
0-2: Ball
1-2: Ball
2-2: Foul Ball, location: 2F
2-2: Ball
3-2: Base on Balls
Carlos Almada to second
Batting: RHB Carlos Santoni 0-0: Ball
1-0: Foul Ball, location: 2F
1-1: Ball
2-1: Grounds into double play, 5-4-3 (Groundball, 56, EV 82.5 MPH)
Carlos Almada to third
Pitching: RHP Kunihiro Sasaki
Batting: RHB Dave Saldana 0-0: Ball
1-0: Swinging Strike
1-1: Ball
2-1: Foul Ball, location: 2F
2-2: Foul Ball, location: 2F
2-2: Fly out, F8 (Flyball, 8RM, EV 93.8 MPH)
Top of the 3rd over - 0 runs, 1 hit, 0 errors, 1 left on base; Burlington 6 - Orem 0
BOTTOM OF THE 3RD
Orem Owlz batting - Pitching for Burlington Royals : RHP Nam Phong
Batting: SHB Adrian Orosco 0-0: Foul Ball, location: 2F
0-1: DOUBLE (Flyball, 8LD, EV 99.4 MPH)
Batting: RHB Areda Obote 0-0: Called Strike
0-1: Ball
1-1: Foul Ball, location: 2F
1-2: Ball
2-2: Ball
3-2: Foul Ball, location: 2F
3-2: Ground out 5-3 (Groundball, 5L, EV 77.5 MPH)
Batting: RHB Nick Lombardo 0-0: Ball
1-0: Called Strike
1-1: Foul Ball, location: 2F
1-2: Ball
2-2: Strikes out swinging
Batting: LHB Dave Hicks 0-0: Foul Ball, location: 2F
0-1: Ball
1-1: Hit by Pitch
Batting: RHB Josh Faulconer 0-0: Ball
1-0: Ground out 5-3 (Groundball, 56S, EV 70.6 MPH)
Bottom of the 3rd over - 0 runs, 1 hit, 0 errors, 2 left on base; Burlington 6 - Orem 0
TOP OF THE 4TH
Burlington Royals batting - Pitching for Orem Owlz : RHP Kunihiro Sasaki
Batting: RHB Nick Julien 0-0: Ball
1-0: Ground out 6-3 (Groundball, 6, EV 81.9 MPH)
Batting: LHB Pablo Serrato 0-0: Ball
1-0: Swinging Strike
1-1: Ball
2-1: SOLO HOME RUN (Flyball, 89XD, EV 98.8 MPH), Distance : 410 ft
Batting: LHB Bobby Gonzalez 0-0: Called Strike
0-1: Ball
1-1: Ball
2-1: Foul Ball, location: 2F
2-2: Ground out U3 (Groundball, 34, EV 90.0 MPH)
Batting: SHB Danny Ballenger 0-0: Ball
1-0: Ball
2-0: Foul Ball, location: 2F
2-1: Foul Ball, location: 2F
2-2: Ball
3-2: Base on Balls
Batting: SHB Bill Ertl 0-0: Ball
1-0: Ball
2-0: Foul Ball, location: 2F
2-1: Ball
3-1: Ground out 4-3 (Groundball, 4, EV 93.8 MPH)
Top of the 4th over - 1 run, 1 hit, 0 errors, 1 left on base; Burlington 7 - Orem 0
BOTTOM OF THE 4TH
Orem Owlz batting - Pitching for Burlington Royals : RHP Nam Phong
Batting: LHB Jamie Diebel 0-0: Ball
1-0: Ball
2-0: Swinging Strike
2-1: Ball
3-1: Base on Balls
Batting: RHB Ricky Mejicanos 0-0: Ball
1-0: Called Strike
1-1: Foul Ball, location: 2F
1-2: Strikes out swinging
Batting: RHB Kyle Gray 0-0: Called Strike
0-1: SINGLE (Groundball, 34D, EV 97.5 MPH)
Jamie Diebel to second
Runner from 2nd tries for 3rd, SAFE, throw by RF made to third
Kyle Gray to second
Pitching: LHP Ken Milhouse
Batting: RHB Juan Montez 0-0: Called Strike
0-1: Ball
1-1: Ball
2-1: Ball
3-1: Base on Balls
Batting: SHB Adrian Orosco 0-0: Foul Ball, location: 2F
0-1: Called Strike
0-2: Foul Ball, location: 2F
0-2: Fly out, F8 (Flyball, 8LD, EV 101.9 MPH)
Runner from 3rd tags up, SCORES, throw by CF
Kyle Gray to third
Batting: RHB Areda Obote 0-0: Called Strike
0-1: Foul Ball, location: 2F
0-2: Fielders Choice at 2nd, 6-4 (Groundball, 6, EV 90.0 MPH)
Bottom of the 4th over - 1 run, 1 hit, 0 errors, 2 left on base; Burlington 7 - Orem 1
TOP OF THE 5TH
Burlington Royals batting - Pitching for Orem Owlz : RHP Kunihiro Sasaki
Pitching: LHP Kichizo Nakazawa
Batting: RHB Carlos Almada 0-0: Ball
1-0: Ball
2-0: Foul Ball, location: 2F
2-1: Ball
3-1: Base on Balls
Batting: RHB Bobby Matyas 0-0: Foul Ball, location: 2F
0-1: Foul Ball, location: 2F
0-2: Ball
1-2: Strikes out swinging
Batting: RHB Carlos Santoni 0-0: Ball
1-0: Ball
2-0: Ball
3-0: Called Strike
3-1: Base on Balls
Carlos Almada to second
Batting: RHB Dave Saldana 0-0: Called Strike
0-1: Ball
1-1: Called Strike
1-2: Ball
2-2: Ball
3-2: Foul Ball, location: 2F
3-2: Base on Balls
Carlos Almada to third
Carlos Santoni to second
Pitching: RHP Victor Padilla
Batting: RHB Nick Julien 0-0: Ball
1-0: Ball
Wild Pitch!
Carlos Almada scores
Carlos Santoni to third
Dave Saldana to second
2-0: DOUBLE (Flyball, 78D, EV 108.8 MPH)
Carlos Santoni scores
Dave Saldana scores
Batting: LHB Pablo Serrato 0-0: Ball
1-0: Called Strike
1-1: Foul Ball, location: 2F
1-2: Ball
2-2: Foul Ball, location: 2F
2-2: Ground out 6-3 (Groundball, 6, EV 103.8 MPH)
Batting: LHB Bobby Gonzalez 0-0: Ball
1-0: SINGLE (Groundball, 6MS, EV 95.6 MPH)
Nick Julien to third
Runner from 3rd tries for Home, throw by CF and OUT! 8-2
Top of the 5th over - 3 runs, 2 hits, 0 errors, 1 left on base; Burlington 10 - Orem 1
BOTTOM OF THE 5TH
Orem Owlz batting - Pitching for Burlington Royals : LHP Ken Milhouse
Batting: RHB Nick Lombardo 0-0: Foul Ball, location: 2F
0-1: Ball
1-1: Ball
2-1: Ball
3-1: Foul Ball, location: 2F
3-2: Foul Ball, location: 2F
3-2: Strikes out swinging
Pitching: RHP Kolenka Leschenya
Batting: LHB Dave Hicks 0-0: SINGLE (Line Drive, 8RS, EV 103.8 MPH)
Batting: RHB Josh Faulconer 0-0: Ball
1-0: Foul Ball, location: 2F
1-1: Swinging Strike
1-2: Strikes out swinging
Batting: LHB Jamie Diebel 0-0: Called Strike
0-1: SINGLE (Line Drive, 78M, EV 84.4 MPH)
Dave Hicks to second
Batting: RHB Ricky Mejicanos 0-0: Ball
1-0: Ball
2-0: Called Strike
2-1: Ball
3-1: Base on Balls
Dave Hicks to third
Jamie Diebel to second
Batting: RHB Kyle Gray 0-0: Swinging Strike
0-1: Ball
1-1: Foul Ball, location: 2F
1-2: Ball
2-2: Fielders Choice at 2nd, 6-4 (Groundball, 6, EV 81.2 MPH)
Bottom of the 5th over - 0 runs, 2 hits, 0 errors, 3 left on base; Burlington 10 - Orem 1
TOP OF THE 6TH
Burlington Royals batting - Pitching for Orem Owlz : RHP Victor Padilla
Batting: SHB Danny Ballenger 0-0: Foul Ball, location: 2F
0-1: Foul Ball, location: 2F
0-2: Ball
1-2: Foul Ball, location: 2F
1-2: Ball
2-2: Foul Ball, location: 2F
2-2: Foul Ball, location: 2F
2-2: Ball
3-2: Foul Ball, location: 2F
3-2: Foul Ball, location: 2F
3-2: Foul Ball, location: 2F
3-2: SINGLE (Groundball, 6D, EV 98.1 MPH)
Pitching: LHP Yee Koh
Batting: SHB Bill Ertl 0-0: Ball
1-0: Ball
2-0: Foul Ball, location: 2F
2-1: Ball
3-1: Base on Balls
Danny Ballenger to second
Batting: RHB Carlos Almada 0-0: Ball
1-0: Called Strike
1-1: Ball
2-1: Fly out, F7 (Flyball, 7LM, EV 89.4 MPH)
Batting: RHB Bobby Matyas 0-0: Ball
1-0: SINGLE (Line Drive, 9S, EV 86.9 MPH)
Danny Ballenger to third
Bill Ertl to second
Batting: RHB Carlos Santoni 0-0: Foul Ball, location: 2F
0-1: Ball
1-1: Ball
2-1: Called Strike
2-2: Ball
3-2: Base on Balls
Danny Ballenger scores
Bill Ertl to third
Bobby Matyas to second
Batting: RHB Dave Saldana 0-0: Swinging Strike
0-1: Ball
1-1: Ball
2-1: Ball
3-1: Foul Ball, location: 2F
3-2: Base on Balls
Bill Ertl scores
Bobby Matyas to third
Carlos Santoni to second
Pitching: RHP Dean LeCroy
Batting: RHB Nick Julien 0-0: Ball
1-0: Ball
2-0: Ball
3-0: Base on Balls
Bobby Matyas scores
Carlos Santoni to third
Dave Saldana to second
Batting: LHB Pablo Serrato 0-0: Ball
1-0: Called Strike
1-1: Ball
2-1: Grounds into double play, 4-6-3 (Groundball, 4, EV 85.0 MPH)
Top of the 6th over - 3 runs, 2 hits, 0 errors, 2 left on base; Burlington 13 - Orem 1
BOTTOM OF THE 6TH
Orem Owlz batting - Pitching for Burlington Royals : RHP Kolenka Leschenya
Batting: RHB Juan Montez 0-0: Fly out, F8 (Flyball, 8RD, EV 95.0 MPH)
Pitching: RHP Neil Drain
Batting: SHB Adrian Orosco 0-0: Ball
1-0: Ball
2-0: Ground out 4-3 (Groundball, 4M, EV 78.8 MPH)
Batting: RHB Areda Obote 0-0: Foul Ball, location: 2F
0-1: Ball
1-1: Called Strike
1-2: Foul Ball, location: 2F
1-2: Strikes out swinging
Bottom of the 6th over - 0 runs, 0 hits, 0 errors, 0 left on base; Burlington 13 - Orem 1
TOP OF THE 7TH
Burlington Royals batting - Pitching for Orem Owlz : RHP Dean LeCroy
Batting: LHB Bobby Gonzalez 0-0: Called Strike
0-1: Foul Ball, location: 2F
0-2: Strikes out swinging
Batting: SHB Danny Ballenger 0-0: Foul Ball, location: 2F
0-1: Foul Ball, location: 2F
0-2: Ball
1-2: Ball
2-2: Strikes out swinging
Pinch Hitting: RHB Jonas Fernandez 0-0: Called Strike
0-1: Reached on error, E5 (Groundball, 5L, EV 100.0 MPH)
Pitching: LHP Aqissiaq Storch
Batting: RHB Carlos Almada 0-0: Called Strike
0-1: Called Strike
0-2: Ball
1-2: Ball
2-2: Ground out 5-3 (Groundball, 56, EV 80.6 MPH)
Top of the 7th over - 0 runs, 0 hits, 1 error, 1 left on base; Burlington 13 - Orem 1
BOTTOM OF THE 7TH
Orem Owlz batting - Pitching for Burlington Royals : RHP Neil Drain
Now at SS: Jonas Fernandez
Batting: RHB Nick Lombardo 0-0: Called Strike
0-1: Foul Ball, location: 2F
0-2: Foul Ball, location: 2F
0-2: Foul Ball, location: 2F
0-2: Ball
1-2: Ball
2-2: Foul Ball, location: 2F
2-2: Ball
3-2: Strikes out looking
Batting: LHB Dave Hicks 0-0: Ball
1-0: Foul Ball, location: 2F
1-1: Fly out, F8 (Line Drive, 8RM, EV 110.6 MPH)
Pitching: LHP Butch Ott
Batting: RHB Josh Faulconer 0-0: Ball
1-0: Ball
2-0: Ball
3-0: Foul Ball, location: 2F
3-1: Called Strike
3-2: Base on Balls
Batting: LHB Jamie Diebel 0-0: Foul Ball, location: 2F
0-1: 2-RUN HOME RUN (Flyball, 9D, EV 97.5 MPH), Distance : 386 ft
Batting: RHB Ricky Mejicanos 0-0: Called Strike
0-1: Swinging Strike
0-2: Ball
1-2: Ball
2-2: Foul Ball, location: 2F
2-2: Ball
3-2: Foul Ball, location: 2F
3-2: Foul Ball, location: 2F
3-2: Foul Ball, location: 2F
3-2: Base on Balls
Pitching: RHP Obiniana Gaters
Batting: RHB Kyle Gray 0-0: Ball
1-0: Called Strike
1-1: Ball
2-1: Ball
3-1: Base on Balls
Ricky Mejicanos to second
Batting: RHB Juan Montez 0-0: Ball
1-0: Called Strike
1-1: Swinging Strike
1-2: Strikes out swinging
Bottom of the 7th over - 2 runs, 1 hit, 0 errors, 2 left on base; Burlington 13 - Orem 3
TOP OF THE 8TH
Burlington Royals batting - Pitching for Orem Owlz : LHP Aqissiaq Storch
Batting: RHB Bobby Matyas 0-0: Ball
1-0: Ball
2-0: Called Strike
2-1: Ball
3-1: Ground out 6-3 (Groundball, 6, EV 80.0 MPH)
Batting: RHB Carlos Santoni 0-0: Ball
1-0: Foul Ball, location: 2F
1-1: Ball
2-1: Foul Ball, location: 2F
2-2: Ground out 6-3 (Groundball, 6, EV 86.2 MPH)
Batting: RHB Dave Saldana 0-0: Foul Ball, location: 2F
0-1: Ground out 4-3 (Groundball, 4, EV 102.5 MPH)
Top of the 8th over - 0 runs, 0 hits, 0 errors, 0 left on base; Burlington 13 - Orem 3
BOTTOM OF THE 8TH
Orem Owlz batting - Pitching for Burlington Royals : RHP Obiniana Gaters
Batting: SHB Adrian Orosco 0-0: Swinging Strike
0-1: Ground out 4-3 (Groundball, 4, EV 103.8 MPH)
Batting: RHB Areda Obote 0-0: Ball
1-0: Called Strike
1-1: Foul Ball, location: 2F
1-2: Foul Ball, location: 2F
1-2: SOLO HOME RUN (Flyball, 78XD, EV 110.0 MPH), Distance : 419 ft
Batting: RHB Nick Lombardo 0-0: Ball
1-0: Called Strike
1-1: Foul Ball, location: 2F
1-2: Foul Ball, location: 2F
1-2: Ball
2-2: Ball
3-2: Foul Ball, location: 2F
3-2: Strikes out looking
Pitching: LHP Brett Reed
Batting: LHB Dave Hicks 0-0: Ball
1-0: Foul Ball, location: 2F
1-1: Called Strike
1-2: Strikes out swinging
Bottom of the 8th over - 1 run, 1 hit, 0 errors, 0 left on base; Burlington 13 - Orem 4
TOP OF THE 9TH
Burlington Royals batting - Pitching for Orem Owlz : LHP Aqissiaq Storch
Batting: RHB Nick Julien 0-0: Foul Ball, location: 2F
0-1: Swinging Strike
0-2: Ball
1-2: Foul Ball, location: 2F
1-2: Strikes out looking
Batting: LHB Pablo Serrato 0-0: Ball
1-0: Reached on error, E6 (Groundball, 6, EV 96.9 MPH)
Pinch Hitting: RHB Jason Birge 0-0: Called Strike
0-1: Ball
Wild Pitch!
Pablo Serrato to third
1-1: Foul Ball, location: 2F
1-2: Strikes out swinging
Batting: SHB Danny Ballenger 0-0: Ball
1-0: Foul Ball, location: 2F
1-1: Foul Ball, location: 2F
1-2: Ball
Wild Pitch!
Pablo Serrato scores
2-2: Ball
3-2: Foul Ball, location: 2F
3-2: Reached on error, E6 (Groundball, 6, EV 115.0 MPH)
Batting: RHB Jonas Fernandez 0-0: Ball
1-0: Foul Ball, location: 2F
1-1: Fly out, F7 (Flyball, 7LSF, EV 90.6 MPH)
Top of the 9th over - 1 run, 0 hits, 2 errors, 1 left on base; Burlington 14 - Orem 4
BOTTOM OF THE 9TH
Orem Owlz batting - Pitching for Burlington Royals : LHP Brett Reed
Now in LF: Jason Birge
Batting: RHB Josh Faulconer 0-0: Called Strike
0-1: Foul Ball, location: 2F
0-2: Ball
1-2: Strikes out swinging
Batting: LHB Jamie Diebel 0-0: SOLO HOME RUN (Flyball, 9LD, EV 92.5 MPH), Distance : 335 ft
Batting: RHB Ricky Mejicanos 0-0: Ball
1-0: Swinging Strike
1-1: Foul Ball, location: 2F
1-2: SOLO HOME RUN (Flyball, 7LD, EV 97.5 MPH), Distance : 356 ft
Batting: RHB Kyle Gray 0-0: Foul Ball, location: 2F
0-1: Ball
1-1: Ball
2-1: Ball
3-1: Foul Ball, location: 2F
3-2: Base on Balls
Pitching: RHP Chance Griffin
Batting: RHB Juan Montez 0-0: Ball
1-0: Called Strike
1-1: Ball
2-1: Ball
3-1: Called Strike
3-2: Base on Balls
Kyle Gray to second
Batting: SHB Adrian Orosco 0-0: Swinging Strike
0-1: Foul Ball, location: 2F
0-2: Strikes out swinging
Batting: RHB Areda Obote 0-0: Called Strike
0-1: 3-RUN HOME RUN (Flyball, 7LD, EV 94.4 MPH), Distance : 348 ft
Batting: RHB Nick Lombardo 0-0: Swinging Strike
0-1: Foul Ball, location: 2F
0-2: Foul Ball, location: 2F
0-2: Ball
1-2: Fly out, F9 (Flyball, 9D, EV 75.0 MPH)
Bottom of the 9th over - 5 runs, 3 hits, 0 errors, 0 left on base; Burlington 14 - Orem 9
Tuesday, September 13th , 2022 - OOTP Baseball 23.7 Build 88